 Dungeon Crawl Stone Soup version 0.20-a0-787-g4ba4951 (webtiles) character file.

269 polly the Cudgeler (level 6, 0/51 HPs)
             Began as a Draconian Skald on Feb 27, 2017.
             Slain by terra52's ghost (11 damage)
             ... on level 3 of the Dungeon.
             The game lasted 00:05:10 (3583 turns).

polly the Cudgeler (Draconian Skald)                Turns: 3583, Time: 00:05:11

Health: 0/51       AC:  8    Str: 13    XL:     6   Next: 1%
Magic:  1/9        EV: 13    Int: 16    God:
Gold:   213        SH:  0    Dex: 10    Spells: 4/9 levels left

rFire    . . .     SeeInvis .   g - +0 whip (venom)
rCold    . . .     Gourm    .   (armour unavailable)
rNeg     . . .     Faith    .   (no shield)
rPois    .         Spirit   .   (helmet restricted)
rElec    .         Reflect  .   u - +1 cloak {MR+}
rCorr    .         Harm     .   (no gloves)
MR       +....                  (no boots)
Stlth    +.........             (no amulet)
Regen    0.2/turn               p - ring of wizardry
MPRegen  0.2/turn               m - ring of flight

@: very slightly contaminated, starving, hasted, very quick
A: unfitting armour, cold-blooded, AC +6
a: Evoke Flight


You were on level 3 of the Dungeon.
You were starving.

You visited 1 branch of the dungeon, and saw 4 of its levels.

You collected 213 gold pieces.

Inventory:

Hand Weapons
 g - a +0 whip of venom (weapon)
Armour
 u - a +1 cloak of magic resistance (worn)
Jewellery
 m - a ring of flight (left hand)
 p - a ring of wizardry (right hand)
Scrolls
 a - a scroll of enchant weapon {unknown}
 f - a scroll of enchant armour {unknown}
 h - a scroll of fog {unknown}
 k - a scroll of noise {unknown}
 l - 6 scrolls of identify {unknown}
 n - a scroll of remove curse {unknown}
 q - 3 scrolls of blinking {unknown}
 r - a scroll of teleportation {unknown}
 s - 3 scrolls of fear {unknown}
 t - 2 scrolls of magic mapping {unknown}
 v - a scroll of immolation {unknown}
Potions
 d - a potion of curing
 e - a potion of berserk rage {unknown}
 j - 2 potions of haste
 o - 2 potions of magic {unknown}
 w - a potion of heal wounds {unknown}
Books
 b - a book of Battle

   Spells                             Type                      Level
   a - Infusion                       Charms                       1
   b - Shroud of Golubria             Charms/Translocation         2
   c - Song of Slaying                Charms                       2
   d - Spectral Weapon                Hexes/Charms                 3
   e - Regeneration                   Charms/Necromancy            3
Comestibles
 c - 4 bread rations
 i - 3 meat rations


   Skills:
 + Level 3.0 Fighting
 + Level 3.8 Maces & Flails
 + Level 3.7 Dodging
 + Level 1.0 Stealth
 + Level 2.2 Spellcasting
 + Level 3.3 Charms
 + Level 1.0 Translocations


You had 4 spell levels left.
You knew the following spells:

 Your Spells              Type           Power        Failure   Level  Hunger
a - Infusion              Chrm           ##..         3%          1    #......
b - Song of Slaying       Chrm           ##......     4%          2    ###....
c - Shroud of Golubria    Chrm/Tloc      #.........   6%          2    ###....


Dungeon Overview and Level Annotations

Branches:
Dungeon (4/15)
 Temple: D:4-7

Altars:

Annotations:
D:3 terra52's ghost, amateur DsTm


Innate Abilities, Weirdness & Mutations

Your plain brown scales are hard. (AC +6)
You cannot fit into any form of body armour.
You are cold-blooded and may be slowed by cold attacks.


Message History

* * * LOW HITPOINT WARNING * * *
You hit terra52's ghost but do no damage.
Terra52's ghost is severely damaged.
You barely miss terra52's ghost.
Terra52's ghost is severely damaged.
Terra52's ghost hits you but does no damage.
You hit terra52's ghost but do no damage.
Terra52's ghost is severely damaged.
You barely miss terra52's ghost.
Terra52's ghost is severely damaged.
Terra52's ghost closely misses you.
You hit terra52's ghost.
Terra52's ghost is severely damaged.
Terra52's ghost hits you but does no damage.
You hit terra52's ghost but do no damage.
Terra52's ghost is severely damaged.
You hit terra52's ghost.
Your tail-slap misses terra52's ghost.
Terra52's ghost is almost destroyed.
Terra52's ghost hits you!
You die...

.##.#<...##..... #
#.####.##..###
##.####.##..#
............#
##.####.###.# #.#
#.# #.# #.#
#.###.# #....@#
#...###W##
#.##.##.og########
#.##.#.........
#....#####.# ####
####.# #... ...
.## ..... ##.[.##


You could see terra52's ghost, an orc and a hobgoblin.

Vanquished Creatures
  Crazy Yiuf (D:2)
  2 orc priests
  An orc wizard (D:3)
  3 gnolls (D:2)
  4 adders
  An ooze (D:1)
  2 worms
  4 dart slugs
  3 orcs (D:4)
  3 giant cockroaches
  6 goblins
  6 hobgoblins
  5 jackals
  A quokka (D:3)
  12 bats
  7 frilled lizards
  8 kobolds
  8 rats
77 creatures vanquished.

Vanquished Creatures (others)
  A kobold (D:4)
1 creature vanquished.

Grand Total: 78 creatures vanquished

Notes
Turn   | Place    | Note
-------+----------+-------------------------------------------
     0 | D:1      | polly the Draconian Skald began the quest for the Orb.
     0 | D:1      | Reached XP level 1. HP: 17/17 MP: 3/3
   250 | D:1      | Reached XP level 2. HP: 14/25 MP: 5/5
   648 | D:1      | Reached XP level 3. HP: 28/30 MP: 6/6
  1243 | D:2      | Found a runed door.
  1441 | D:2      | Learned a level 2 spell: Song of Slaying
  1444 | D:2      | Learned a level 2 spell: Shroud of Golubria
  1634 | D:2      | Reached XP level 4. HP: 37/37 MP: 7/7
  2102 | D:2      | Noticed Crazy Yiuf
  2111 | D:2      | Killed Crazy Yiuf
  2267 | D:3      | Reached XP level 5. HP: 26/42 MP: 8/8
  3468 | D:3      | Reached skill level 1 in Stealth
  3468 | D:3      | Reached skill level 1 in Translocations
  3468 | D:3      | Reached XP level 6. HP: 42/51 MP: 9/9
  3542 | D:3      | Noticed terra52's ghost (amateur DsTm)
  3583 | D:3      | Slain by terra52's ghost

Vault maps used:
D:1:      ncdulo_watergridlock, minmay_octomino_j4
D:2:      kennysheep_generic_room_8, uniq_crazy_yiuf_cottage
D:3:      regret_index_temple_of_mockery
D:4:      kennysheep_kobold_camp, first_bread, abandoned_shop,
          minmay_misc_feat_diagonals, nicolae_zen_rock_garden,
          minmay_misc_feat_iff

Skill      XL: |  1  2  3  4  5 |
---------------+----------------+-----
Charms         | 3 |  3.3
Dodging        | 3 |  3.7
Maces & Flails | 3 |  3.8
Fighting       | 3 |  3.0
Stealth        | 1 |  1.0
Translocations | 1 |  1.0
Spellcasting   | |  2.2

Action                   |  1- 3 |  4- 6 || total
-------------------------+-------+-------++-------
Melee: Mace              |    19 |       ||    19
       Whip              |   110 |   153 ||   263
       Tailslap          |    14 |     9 ||    23
 Cast: Shroud of Golubri |       |     4 ||     4
       Infusion          |       |     3 ||     3
       Song of Slaying   |       |     3 ||     3
  Use: Potion            |       |     3 ||     3
 Stab: Sleeping          |       |     1 ||     1
  Eat: Chunk             |     2 |     5 ||     7
Armor: Skin              |    47 |    48 ||    95
Dodge: Dodged            |   103 |   108 ||   211
